Map: Abyssal Reef LE

Players

JagrsMullets - Winner!

  • Race: Zerg Zerg
  • Spawn Location: 5:00

A.I. 1 (Harder)

  • Race: Terran Terran
  • Spawn Location: 11:00

VOD

Have the link to the VOD?

Description

Time

  • Played on: Dec. 24, 2017, 6:20 p.m.
  • Length: 31:02
Show
View Real Time Build Order
Export as new Build Order

JagrsMullets Zerg - Winner!

Build Orders: Hatch First 

Get SALT Encoding   

  12  0:02  Drone  
  13  0:13  Overlord  
  13  0:42  Hatchery  
  12  0:55  Drone x3  
  15  1:04  Extractor  
  14  1:13  Drone  
  15  1:28  Spawning Pool  
  14  1:33  Drone  
  15  1:45  Drone  
  16  1:53  Overlord  
  16  2:04  Drone  
  16  2:06  Drone  
  18  2:10  Drone  
  18  2:11  Drone  
  18  2:15  Queen  
  22  2:19  Queen  
  22  2:21  Drone  
  25  2:29  Extractor  
  24  2:34  Zergling x4  
  26  2:38  Zergling x2  
  26  2:39  Zergling x2  
  28  2:47  Metabolic Boost  
  28  3:10  Drone  
  28  3:11  Drone x2  
  31  3:14  Drone x3  
  34  3:26  Lair  
  34  3:32  Pneumatized Carapace  
  34  3:41  Zergling x4  
  34  3:43  Overlord x3  
  36  3:50  Overlord  
  36  4:12  Evolution Chamber  
  35  4:59  Hatchery  
  34  5:35  Drone x3  
  36  5:36  Drone x6  
  36  5:37  Drone x4  
  36  5:38  Drone  
  48  5:46  Queen  
  50  5:57  Zerg Melee Weapons Level 1  
  50  6:01  Hydralisk Den  
  49  6:12  Evolution Chamber  
  48  6:40  Extractor  
  48  6:44  Extractor  
  38  7:17  Hydralisk x3  
  38  7:18  Hydralisk x7  
  38  7:19  Hydralisk x6  
  66  7:27  Hydralisk  
  66  7:29  Overlord  
  66  7:40  Spine Crawler  
  66  7:43  Spine Crawler  
  60  7:45  Spine Crawler x2  
  60  7:47  Spine Crawler x2  
  60  7:49  Spine Crawler  
  60  7:50  Spine Crawler x2  
  37  8:36  Hatchery  
  37  8:37  Hydralisk x3  
  37  8:38  Hydralisk x3  
  48  8:50  Muscular Augments  
  48  9:06  Queen  
  50  9:16  Zerg Missile Weapons Level 1  
  50  9:23  Drone  
  50  9:24  Drone x2  
  53  9:28  Drone  
  54  9:52  Queen  
  54  9:58  Drone  
  57  10:10  Drone  
  57  10:11  Drone x6  
  57  10:12  Drone  
  65  11:10  Hydralisk x7  
  65  11:11  Hydralisk  
  79  11:12  Hydralisk  
  73  11:43  Zerg Missile Weapons Level 2  
  73  11:45  Zerg Ground Armor Level 1  
  73  11:49  Drone  
  73  11:50  Drone x2  
  76  11:59  Zergling x10  
  76  12:00  Overlord, Zergling x2  
  82  12:28  Hydralisk x4  
  90  12:30  Overlord  
  90  12:31  Overlord x6  
  90  12:41  Extractor  
  90  12:43  Extractor, Drone x2  
  90  12:59  Drone x2  
  92  13:30  Drone x3  
  95  13:39  Zerg Melee Weapons Level 2  
  95  14:05  Zergling x14  
  95  14:06  Zergling x14  
  95  14:07  Zergling x4  
  97  14:45  Zergling x8  
  101  14:50  Hydralisk x5  
  101  14:51  Hydralisk  
  113  15:05  Hydralisk  
  115  15:17  Infestation Pit  
  114  15:25  Drone x3  
  117  15:47  Drone x3  
  120  15:54  Zerg Ground Armor Level 2, Overlord x2  
  120  16:41  Hydralisk x2  
  120  16:42  Hydralisk x6  
  120  16:43  Hydralisk x7  
  120  16:44  Hydralisk x3  
  156  16:54  Hive  
  156  17:10  Hatchery  
  124  18:26  Hydralisk x7  
  124  18:27  Hydralisk x7  
  134  18:28  Hydralisk x7  
  166  18:41  Queen  
  166  18:45  Overlord x3  
  168  19:03  Overlord x3  
  168  19:45  Zergling x8  
  170  19:46  Zergling x8  
  170  19:47  Zergling x14  
  170  19:48  Zergling x14  
  170  19:49  Zergling x4  
  192  19:54  Zerg Melee Weapons Level 3  
  192  19:57  Zerg Ground Armor Level 3  
  192  20:29  Extractor  
  192  20:31  Extractor  
  142  21:45  Hydralisk  
  142  21:46  Hydralisk x8  
  126  21:47  Hydralisk x6  
  126  21:48  Hydralisk x3  
  149  22:12  Queen  
  151  22:16  Queen  
  153  22:31  Zergling x6  
  153  22:32  Zergling x12  
  162  22:37  Zerg Missile Weapons Level 3  
  163  22:58  Drone x3  
  165  23:35  Hydralisk x5  
  165  23:36  Hydralisk x6  
  165  23:37  Hydralisk x2  
  191  24:20  Zergling x8  
  191  24:21  Zergling x10  
  150  25:09  Hydralisk x2  
  150  25:10  Hydralisk x7  
  150  25:11  Hydralisk x7  
  150  25:12  Hydralisk x4  
  180  25:51  Hydralisk x3  
  180  25:52  Hydralisk x4  
  180  25:53  Zergling x8  
  180  25:54  Zergling x4  
  191  27:00  Hydralisk  
  191  27:01  Hydralisk x2  
  193  27:02  Zergling x6  
  200  27:29  Extractor  
  199  28:03  Zergling x2  
  163  29:03  Zergling x4  
  163  29:04  Zergling x12  
  163  29:05  Zergling x8  
  166  29:37  Zergling x8  
  166  29:38  Zergling x10  
  169  29:39  Zergling x6  
Show
View Real Time Build Order
Export as new Build Order

A.I. 1 (Harder) Terran 

Build Orders: MMM Bio 

Get SALT Encoding   

  12  0:00  SCV  
  13  0:13  SCV  
  14  0:18  Supply Depot  
  14  0:25  SCV  
  15  0:40  SCV  
  16  0:43  Barracks  
  16  0:49  Refinery  
  16  0:52  SCV  
  17  1:04  SCV  
  18  1:16  SCV  
  19  1:22  Supply Depot  
  19  1:28  SCV  
  19  1:30  Marine  
  21  1:41  Barracks, Orbital Command  
  21  1:50  Barracks Tech Lab, Refinery  
  21  2:05  Factory  
  21  2:08  Marine  
  22  2:22  Supply Depot  
  22  2:27  Marauder  
  24  2:30  Marine  
  25  2:48  Marauder  
  27  2:52  Hellion  
  27  2:56  Supply Depot  
  29  3:00  Marine  
  30  3:10  Marine  
  31  3:19  Marine  
  32  3:28  Supply Depot  
  32  3:29  Marauder  
  34  3:38  Hellion  
  36  3:48  SCV  
  36  3:50  Marauder  
  39  3:56  Supply Depot  
  39  4:00  Hellion  
  39  4:01  SCV  
  42  4:10  Engineering Bay  
  42  4:13  SCV  
  43  4:21  Hellion  
  45  4:25  SCV  
  46  4:37  SCV  
  47  4:42  Hellion  
  49  4:49  SCV  
  50  5:04  Hellion  
  52  5:25  Hellion  
  54  6:27  Marine, Barracks Tech Lab  
  54  6:28  Terran Infantry Weapons Level 1, Stimpack  
  54  6:30  Factory, Factory Tech Lab  
  54  6:32  Starport  
  55  6:34  Starport  
  55  6:37  Supply Depot, Command Center  
  55  6:39  Missile Turret  
  55  6:40  Missile Turret  
  55  6:45  Marine, Combat Shields, Reaper  
  57  7:01  Supply Depot  
  57  7:02  Marine  
  57  7:06  Ghost Academy  
  58  7:10  Starport Tech Lab  
  58  7:11  Starport Tech Lab  
  58  7:13  Factory Tech Lab  
  58  7:17  Marine  
  58  7:20  Marine  
  60  7:24  Bunker  
  60  7:26  Supply Depot  
  60  7:29  Raven  
  62  7:30  Raven  
  62  7:35  Marine  
  65  7:38  Ghost  
  67  7:49  Sensor Tower  
  67  7:51  SCV  
  68  7:53  Marine, Refinery  
  68  7:54  SCV  
  66  8:02  Missile Turret  
  66  8:03  SCV, Concussive Shells, Refinery  
  66  8:06  SCV  
  66  8:07  Marauder  
  66  8:11  Marauder  
  71  8:15  SCV  
  71  8:18  SCV  
  73  8:22  Terran Infantry Armor Level 1  
  73  8:27  SCV  
  73  8:28  Marine  
  73  8:32  Marine  
  73  8:33  SCV  
  77  8:39  SCV  
  78  8:45  SCV  
  78  8:46  Marine  
  80  8:49  Missile Turret  
  80  8:50  Reaper  
  80  8:51  SCV  
  82  8:57  SCV  
  83  9:03  SCV  
  83  9:04  Marine  
  83  9:05  Armory  
  83  9:09  SCV  
  86  9:10  Bunker  
  86  9:15  SCV  
  87  9:21  SCV  
  88  9:25  Barracks  
  88  9:27  SCV  
  89  9:33  SCV  
  90  9:39  SCV  
  90  9:42  Supply Depot  
  92  9:45  SCV  
  92  9:52  SCV  
  93  10:14  Barracks Reactor  
  93  10:32  Medivac, Banshee  
  93  10:34  Terran Infantry Weapons Level 2  
  101  10:35  Siege Tank  
  101  10:38  Cyclone  
  101  10:39  Factory, Command Center  
  104  10:47  Starport  
  104  10:49  Supply Depot  
  104  10:59  Infernal Pre-Igniter  
  104  11:02  Medivac  
  106  11:06  Terran Vehicle Weapons Level 1  
  106  11:08  Marine  
  106  11:11  Marine  
  99  11:14  Marine  
  99  11:15  Raven  
  99  11:16  Marine  
  83  11:23  Medivac, Factory Tech Lab  
  68  11:26  Marine  
  68  11:29  Marine  
  68  11:32  Marauder, Raven  
  74  11:34  Marine  
  75  11:43  Marine  
  75  11:46  Marine  
  77  11:53  Marine, SCV, Marauder  
  81  11:55  SCV  
  81  11:56  SCV  
  81  11:58  Raven  
  85  12:01  Marine  
  85  12:04  Marine  
  85  12:05  SCV  
  85  12:07  SCV  
  89  12:08  SCV  
  89  12:10  Starport Reactor, Refinery  
  89  12:11  Marine  
  89  12:13  Marine, Refinery  
  89  12:15  Banshee  
  95  12:17  SCV  
  95  12:19  SCV, Marine, Missile Turret  
  95  12:21  SCV  
  95  12:22  Marine  
  100  12:29  SCV, Marauder  
  103  12:31  SCV  
  103  12:32  Marauder  
  103  12:33  Missile Turret  
  103  12:35  SCV  
  103  12:36  Missile Turret  
  107  12:37  Fusion Core  
  107  12:41  SCV  
  108  12:45  Engineering Bay  
  108  12:49  Armory  
  108  12:50  Terran Infantry Armor Level 2  
  108  13:00  Terran Ship Weapons Level 1  
  108  13:37  Terran Vehicle And Ship Armor Level 1  
  108  13:45  Liberator  
  108  13:58  Viking  
  108  13:59  Terran Infantry Weapons Level 3  
  108  14:01  Widow Mine  
  108  14:02  Supply Depot  
  112  14:03  Liberator  
  112  14:05  Marine  
  112  14:07  Marine  
  112  14:09  Marine  
  118  14:11  Marine  
  118  14:13  Viking  
  118  14:16  Siege Tank  
  124  14:18  Widow Mine  
  129  14:24  Marine  
  129  14:26  Marine, Supply Depot, Command Center  
  129  14:27  Marauder  
  129  14:29  Marine  
  111  14:32  Thor  
  107  14:42  Marine  
  107  14:44  Marine  
  109  14:47  Marine  
  109  14:48  Marine  
  111  14:54  Advanced Ballistics, Terran Vehicle Weapons Level 2  
  111  15:00  Marine  
  111  15:02  Marine  
  111  15:04  Marine  
  111  15:06  Marauder  
  116  15:13  Terran Infantry Armor Level 3  
  116  15:18  Marine  
  116  15:20  Marine  
  118  15:22  Marine  
  118  15:28  Marauder  
  121  15:30  Terran Ship Weapons Level 2  
  121  15:35  Marine  
  121  15:38  Marine  
  121  15:40  Marine  
  124  15:46  Refinery  
  124  15:49  Marauder  
  126  15:50  Missile Turret x2  
  126  15:52  Refinery  
  126  15:58  Marauder  
  128  16:11  Marauder  
  130  16:15  Bunker, High Capacity Fuel Tanks  
  130  16:36  Hi-Sec Auto Tracking  
  130  17:10  Terran Vehicle And Ship Armor Level 2  
  130  17:30  Banshee  
  130  17:32  Cyclone  
  130  17:33  Neosteel Frame  
  130  17:34  Supply Depot, Banshee  
  139  17:47  Terran Vehicle Weapons Level 3  
  139  17:50  Building Armor  
  139  17:57  Marine  
  135  18:00  Marine  
  135  18:02  Marine  
  135  18:04  Marauder  
  117  18:09  Viking  
  117  18:11  Viking  
  101  18:13  Raven, Siege Tank  
  101  18:15  Marine  
  101  18:17  Marine  
  102  18:20  Marine  
  102  18:25  Battlecruiser, Marine  
  110  18:33  Marine  
  111  18:35  Marine  
  111  18:37  Marine  
  113  18:43  Marine  
  114  18:51  Marine  
  114  18:53  Marine  
  114  18:55  Marine  
  116  18:57  Command Center  
  116  19:01  Marauder  
  119  19:09  Marine  
  120  19:11  Marine  
  120  19:13  Marine  
  122  19:22  Marine  
  123  19:26  Terran Ship Weapons Level 3, Marine  
  123  19:29  Marine  
  125  19:31  Marauder  
  127  19:41  Marauder  
  129  19:53  Marauder  
  131  20:02  Marauder  
  133  20:16  Refinery  
  133  20:19  Missile Turret  
  133  20:21  Missile Turret  
  133  20:22  Refinery  
  133  20:24  Terran Vehicle And Ship Armor Level 3  
  133  20:25  Missile Turret  
  133  20:42  Bunker  
  133  20:54  Hellion  
  137  20:57  Hellion  
  137  20:59  Supply Depot, Siege Tank  
  140  21:15  Siege Tank  
  140  21:18  Siege Tank  
  146  21:32  Siege Tank  
  149  21:38  Marine  
  135  21:41  Marine  
  135  21:44  Marine, Medivac  
  135  21:45  Medivac  
  135  21:46  Marine  
  100  21:55  Marine, Raven  
  100  21:56  Raven  
  100  21:58  Marine  
  100  21:59  Siege Tank  
  95  22:01  Marine  
  95  22:02  Siege Tank  
  95  22:05  Hellion  
  95  22:08  Marine  
  101  22:13  Marine  
  103  22:16  Marine  
  103  22:19  Marine  
  105  22:26  Marine, Thor  
  112  22:31  Marine  
  112  22:34  Marine  
  112  22:36  Hellion  
  116  22:37  Marine  
  116  22:38  Raven, Siege Tank  
  116  22:44  Marine  
  123  22:57  Siege Tank  
  126  23:09  Siege Tank  
  126  23:10  Siege Tank  
  132  23:51  Command Center  
  132  24:21  Marine x2, Marauder x2  
  138  24:39  Marine x2  
  138  24:42  Marine x2  
  142  24:51  Raven  
  124  24:56  Marine  
  124  24:57  Marine  
  124  24:59  Marine  
  100  25:00  Marine  
  100  25:05  Raven  
  86  25:14  Marine x2  
  86  25:17  Marine  
  86  25:18  Marauder  
  86  25:19  Refinery  
  86  25:20  Hellion x2  
  91  25:27  SCV, Missile Turret  
  91  25:28  SCV  
  87  25:29  Missile Turret  
  87  25:30  SCV, Refinery  
  87  25:32  Marine x2  
  87  25:33  SCV  
  87  25:34  Viking  
  87  25:35  Marine  
  89  25:36  SCV  
  89  25:39  Marine, SCV  
  89  25:40  SCV  
  89  25:41  SCV, Hellion x2  
  83  25:45  SCV  
  83  25:46  SCV  
  83  25:48  Viking  
  82  25:50  Marine  
  82  25:53  Marine  
  82  25:55  SCV x3  
  82  25:56  Marine  
  71  25:57  SCV, Marine  
  71  25:58  SCV  
  71  26:00  Bunker  
  71  26:03  Hellion x2  
  73  26:04  Viking  
  73  26:07  SCV  
  73  26:09  SCV  
  73  26:10  SCV  
  73  26:11  Marine  
  78  26:13  SCV  
  78  26:14  Marine  
  78  26:15  Marine  
  78  26:17  Missile Turret  
  78  26:18  Viking  
  85  26:19  SCV  
  85  26:21  SCV, Missile Turret  
  85  26:22  SCV  
  85  26:25  SCV  
  79  26:27  Refinery  
  79  26:29  Marine  
  79  26:32  SCV, Marine  
  78  26:33  Marine, SCV  
  78  26:34  Raven  
  78  26:35  Factory  
  78  26:37  SCV  
  74  26:44  SCV  
  74  26:45  SCV  
  74  26:46  Marine  
  67  26:48  Medivac  
  67  26:49  SCV  
  67  26:50  Marine, Hellion  
  67  26:51  Marine  
  64  26:56  SCV  
  64  26:57  SCV  
  66  27:01  SCV  
  66  27:02  Command Center  
  66  27:04  Marine  
  66  27:07  Ghost  
  66  27:08  SCV  
  71  27:09  Marine, SCV  
  71  27:13  SCV  
  72  27:17  Viking  
  72  27:18  Viking  
  72  27:19  Supply Depot  
  72  27:20  SCV  
  72  27:22  SCV, Ghost  
  79  27:26  Marine  
  79  27:27  Command Center  
  77  27:32  SCV  
  77  27:33  Command Center  
  77  27:34  SCV  
  77  27:36  Marine  
  72  27:41  Refinery  
  57  27:44  SCV, Marine  
  57  27:46  SCV  
  57  27:47  Raven, Medivac  
  57  27:51  Marine, Bunker  
  65  27:55  Marauder  
  65  27:56  SCV  
  65  27:58  SCV  
  69  28:02  Marine  
  69  28:04  Missile Turret  
  70  28:08  SCV, Marine  
  70  28:10  SCV  
  73  28:15  SCV  
  73  28:16  Marauder  
  75  28:20  Marine, SCV  
  75  28:21  Fusion Core  
  75  28:22  SCV  
  73  28:27  SCV, Marauder, Viking  
  73  28:28  Hellion  
  73  28:29  Factory  
  73  28:30  Viking  
  73  28:31  Hellion  
  73  28:33  SCV  
  60  28:34  SCV  
  60  28:37  Marine  
  60  28:38  Marine  
  60  28:39  SCV  
  60  28:40  Engineering Bay  
  44  28:46  SCV  
  44  28:48  Marine, SCV  
  39  28:49  Hellion  
  39  28:51  SCV  
  39  28:52  Hellion  
  39  28:55  Command Center, Marauder  
  46  28:56  Marine  
  46  28:57  Viking  
  46  28:58  SCV  
  46  29:00  SCV, Viking  
  49  29:03  SCV  
  49  29:05  Marine  
  49  29:08  Armory  
  51  29:10  SCV  
  51  29:12  SCV  
  51  29:13  Marine  
  51  29:16  Marine  
  55  29:18  Command Center  
  55  29:22  SCV  
  55  29:23  Marine  
  52  29:24  SCV  
  52  29:27  Medivac  
  52  29:30  Medivac  
  34  29:31  Marine  
  34  29:34  SCV, Marauder  
  34  29:36  SCV  
  32  29:41  Marine  
  32  29:45  Hellion, Command Center  
  28  29:47  Hellion  
  28  29:48  SCV  
  28  29:49  SCV  
  26  29:55  Marine  
  26  29:57  Raven  
  26  29:59  Marine  
  25  30:00  Viking  
  25  30:01  SCV  
  25  30:06  Hellion  
  25  30:08  Hellion  
  25  30:09  SCV  
  25  30:13  SCV, Marine  
  26  30:17  Marine  
  26  30:21  SCV  
  20  30:25  SCV  
  17  30:31  Barracks  
  17  30:33  SCV  
  19  30:36  SCV  
  14  30:45  SCV  
  14  30:48  SCV  
Tags
 
Composition
MMM Bio
Matchup
TvZ
Spawn Locations
Cross Positions
Add a new tag
Caveats
  • Supply blocks, unpowered buildings, or Contaminate may cause inaccurate times.
  • Supply counts are checked every 10 seconds.